Map: 글리터링 애쉬즈 - 래더

Players

DRG - Winner!

  • Race: Zerg Zerg

SpeCial

  • Race: Terran Terran
  • League: Master

Event: DreamHack SC2 Masters Last Chance 2022

VOD

Have the link to the VOD?

Description

Time

  • Played on: Dec. 19, 2021, 6:41 p.m.
  • Length: 22:51

All games in this series

Show
View Real Time Build Order
Export as new Build Order

DRG Zerg - Winner!

Build Orders: Hatch First 

Get SALT Encoding   

  12  0:00  Drone  
  13  0:12  Overlord  
  13  0:17  Drone  
  14  0:30  Drone x2  
  16  0:47  Hatchery  
  15  0:51  Drone  
  15  0:54  Drone  
  17  0:57  Drone  
  18  1:08  Extractor  
  17  1:13  Spawning Pool  
  17  1:16  Drone  
  17  1:18  Drone  
  18  1:27  Drone  
  19  1:38  Drone  
  20  1:49  Drone  
  21  1:59  Queen  
  21  2:00  Zergling x4, Queen  
  27  2:10  Overlord  
  27  2:11  Zergling x2  
  28  2:20  Hatchery  
  27  2:23  Drone  
  28  2:31  Drone  
  28  2:32  Drone x2  
  31  2:38  Queen  
  31  2:43  Metabolic Boost  
  33  2:49  Overlord  
  33  2:52  Drone  
  33  2:55  Drone  
  36  2:58  Drone  
  36  3:04  Overlord  
  36  3:09  Drone x3  
  36  3:12  Drone x2  
  41  3:17  Drone  
  42  3:22  Drone  
  42  3:23  Drone x2  
  42  3:26  Queen  
  47  3:31  Queen  
  49  3:37  Queen  
  49  3:40  Overlord  
  51  3:43  Drone  
  51  3:45  Drone  
  52  3:49  Drone  
  52  3:53  Drone  
  52  3:54  Drone x3  
  57  3:56  Overlord  
  57  4:00  Overlord  
  57  4:01  Drone  
  59  4:02  Drone  
  59  4:04  Drone  
  59  4:09  Queen  
  62  4:12  Drone  
  62  4:14  Drone  
  62  4:15  Drone  
  65  4:18  Zergling x2  
  65  4:19  Queen  
  65  4:24  Overlord  
  68  4:27  Drone x2  
  70  4:32  Evolution Chamber  
  70  4:33  Evolution Chamber, Spore Crawler, Overlord  
  70  4:36  Drone  
  70  4:38  Spore Crawler  
  67  4:40  Zergling x2  
  67  4:41  Zergling x2  
  67  4:44  Zergling x10  
  74  4:51  Drone x3  
  77  4:53  Drone x3  
  77  4:59  Drone  
  81  5:02  Zerg Ground Armor Level 1, Zerg Melee Weapons Level 1  
  81  5:04  Overlord  
  81  5:06  Overlord  
  81  5:12  Drone x3  
  83  5:18  Drone  
  84  5:22  Drone  
  84  5:23  Drone  
  84  5:24  Lair  
  84  5:25  Hatchery  
  84  5:27  Extractor x3  
  84  5:28  Drone x4  
  86  5:31  Drone x5  
  86  5:34  Drone  
  92  5:41  Zergling x4  
  93  5:48  Zergling x6  
  76  5:57  Zergling x10  
  76  5:58  Zergling x2  
  76  5:59  Zergling x6  
  76  6:03  Zergling x4  
  76  6:04  Zergling x2  
  78  6:11  Zergling x4  
  76  6:17  Drone  
  72  6:20  Drone  
  72  6:22  Drone  
  74  6:25  Drone  
  74  6:26  Baneling Nest  
  74  6:30  Drone  
  75  6:33  Drone  
  75  6:37  Drone x2  
  77  6:41  Drone  
  77  6:44  Roach Warren  
  76  6:48  Drone x5  
  76  6:50  Drone  
  76  6:53  Drone  
  76  6:54  Drone  
  84  6:56  Drone x3  
  84  6:57  Zerg Melee Weapons Level 2  
  84  6:58  Zerg Missile Weapons Level 1  
  87  7:01  Drone x2  
  87  7:02  Drone  
  87  7:04  Drone  
  87  7:05  Drone  
  87  7:06  Drone x2  
  94  7:09  Extractor  
  94  7:15  Zergling x12, Extractor  
  97  7:20  Zergling x4  
  99  7:24  Zergling x4  
  99  7:25  Zergling x2  
  99  7:26  Glial Reconstitution  
  99  7:28  Drone  
  103  7:31  Centrifugal Hooks  
  103  7:34  Drone x6  
  102  7:40  Baneling x4  
  102  7:41  Zergling x8  
  101  7:46  Zergling x6  
  104  7:54  Zergling x2  
  104  7:55  Zergling x12, Baneling x5  
  104  7:56  Baneling  
  111  8:01  Overlord x2  
  111  8:12  Roach x7  
  111  8:17  Hatchery  
  105  8:20  Roach x6  
  105  8:25  Roach x4  
  121  8:27  Overlord  
  121  8:29  Overseer  
  121  8:31  Overlord  
  121  8:34  Overlord  
  121  8:37  Ravager x3  
  121  8:38  Zergling x8  
  128  8:41  Overlord x2  
  128  8:49  Baneling x4  
  128  8:50  Drone x8  
  128  8:52  Extractor  
  128  8:54  Zerg Missile Weapons Level 2  
  135  8:59  Zergling x12  
  141  9:08  Zergling x12  
  147  9:10  Baneling x8  
  147  9:18  Drone x4  
  147  9:19  Drone x6  
  157  9:25  Pneumatized Carapace  
  157  9:26  Overlord  
  157  9:28  Zerg Ground Armor Level 2  
  157  9:31  Baneling x6  
  157  9:39  Drone x2  
  157  9:41  Zergling x16, Spore Crawler  
  166  9:47  Baneling x10  
  164  9:58  Infestation Pit  
  161  10:00  Zergling x24  
  161  10:03  Zergling x6, Spore Crawler  
  174  10:18  Ravager x4  
  174  10:19  Ravager, Zergling x2  
  174  10:20  Zergling x2  
  181  10:25  Overlord x3  
  181  10:28  Overlord  
  181  10:29  Spine Crawler  
  181  10:33  Extractor  
  179  10:36  Baneling x14  
  179  10:37  Baneling x5  
  179  10:40  Hatchery  
  179  10:42  Overlord  
  177  10:49  Zergling x32  
  168  10:54  Zergling x14  
  161  11:01  Zergling x6  
  160  11:04  Hive  
  160  11:05  Roach x3  
  160  11:06  Roach x2  
  160  11:08  Ravager x2  
  172  11:12  Roach x5  
  172  11:15  Zergling x20  
  192  11:18  Zergling x2  
  193  11:29  Drone x3  
  193  11:30  Drone x2  
  190  11:33  Baneling x14  
  190  11:39  Drone  
  189  11:40  Drone x5  
  189  11:44  Baneling  
  189  11:45  Baneling x9  
  180  11:55  Zergling x2  
  180  11:56  Zergling x22  
  186  12:04  Zergling x22  
  186  12:05  Zergling x2  
  187  12:12  Zergling x16  
  183  12:17  Zerg Melee Weapons Level 3, Zerg Missile Weapons Level 3  
  183  12:18  Adrenal Glands  
  183  12:20  Viper  
  186  12:23  Viper  
  186  12:25  Zergling x2  
  186  12:26  Zergling x16  
  186  12:27  Baneling x2  
  186  12:28  Baneling  
  198  12:31  Zergling x2  
  198  12:32  Zergling x2  
  168  12:55  Zergling x30  
  173  13:00  Zergling x10  
  173  13:01  Zergling x8  
  173  13:02  Baneling x9  
  173  13:03  Hatchery  
  175  13:07  Roach x8  
  175  13:10  Zergling x8  
  195  13:14  Ravager x4  
  199  13:27  Extractor  
  198  13:40  Baneling x15  
  198  13:44  Zergling x2  
  193  13:50  Baneling x8  
  193  13:53  Zergling x20  
  174  14:07  Roach x15  
  174  14:09  Zergling x2  
  192  14:10  Zergling x24  
  192  14:15  Viper  
  186  14:18  Roach x5  
  183  14:28  Roach x7  
  175  14:33  Roach x4  
  175  14:36  Zergling x24  
  193  14:42  Drone x6  
  193  14:44  Ravager  
  200  14:48  Baneling x8  
  200  14:49  Extractor  
  200  14:51  Zergling x2  
  198  15:03  Ravager x3  
  198  15:04  Zergling x6  
  197  15:11  Zergling x24  
  200  15:32  Baneling x3  
  200  15:37  Baneling x10  
  199  15:51  Zergling x2  
  199  15:52  Zergling x12  
  176  15:59  Viper x2  
  176  16:03  Roach x11  
  192  16:04  Zergling x16  
  192  16:07  Zergling x2  
  192  16:08  Zergling x16  
  199  16:11  Ultralisk Cavern  
  199  16:16  Zergling x6  
  199  16:30  Ravager x5  
  199  16:32  Zergling x2  
  200  16:34  Baneling  
  200  16:35  Baneling x9  
  200  16:36  Baneling x3  
  194  16:41  Zergling x14  
  179  16:52  Zergling x32  
  184  16:55  Zergling x26  
  184  16:57  Chitinous Plating  
  194  17:08  Ultralisk  
  194  17:09  Extractor  
  194  17:10  Baneling x5  
  194  17:12  Zergling x2  
  198  17:25  Spine Crawler  
  198  17:26  Zergling x14  
  198  17:29  Hatchery  
  199  17:32  Zergling x12  
  199  17:33  Zergling x12  
  199  17:35  Baneling x18  
  194  17:45  Drone x7  
  194  17:47  Drone  
  194  17:48  Drone  
  198  17:57  Drone x5  
  198  17:58  Drone x3  
  195  18:07  Viper x2  
  177  18:16  Anabolic Synthesis  
  177  18:17  Zergling x28  
  163  18:21  Ultralisk x3  
  163  18:22  Zergling x14  
  170  18:29  Ultralisk  
  170  18:31  Zergling x34  
  189  18:38  Baneling x7  
  188  18:42  Zergling x18  
  175  18:53  Drone x7  
  173  18:56  Baneling x11  
  173  18:57  Baneling x5  
  173  18:59  Ultralisk  
  173  19:01  Drone  
  173  19:02  Drone x2  
  170  19:11  Drone x7  
  163  19:25  Zergling x26  
  150  19:33  Ultralisk x2  
  150  19:35  Roach x4  
  156  19:39  Zergling x12  
  156  19:41  Hatchery  
  162  19:53  Ultralisk  
  162  19:56  Baneling x9  
  162  19:57  Zergling x6  
  163  20:07  Hatchery  
  147  20:11  Roach x6  
  150  20:18  Ravager  
  150  20:21  Roach x5  
  158  20:37  Roach x8  
  158  20:38  Ravager x2  
  158  20:39  Ravager, Overlord x2  
  158  20:42  Ravager x5  
  177  21:03  Zergling x28  
  190  21:10  Spore Crawler  
  182  21:20  Zergling x26  
  182  21:22  Baneling x2  
  183  21:43  Zergling x30  
  175  21:49  Zergling x10  
  172  22:02  Ravager x10  
  172  22:04  Zergling x8  
  144  22:28  Zergling x22  
  141  22:48  Hatchery  
Show
View Real Time Build Order
Export as new Build Order

SpeCial Terran 

Build Orders: Liberator Opening, Reaper Expand, Mech 

Get SALT Encoding   

  12  0:00  SCV  
  13  0:12  SCV  
  14  0:17  Supply Depot  
  14  0:24  SCV  
  15  0:38  SCV  
  15  0:40  Barracks  
  16  0:43  Refinery  
  16  0:50  SCV  
  17  1:02  SCV  
  18  1:15  SCV  
  19  1:27  Orbital Command  
  19  1:28  Reaper  
  20  1:37  Command Center  
  20  1:50  Supply Depot  
  20  1:53  SCV  
  21  1:59  Marine  
  22  2:05  SCV  
  22  2:06  Factory  
  23  2:12  Refinery  
  23  2:17  SCV  
  25  2:25  Barracks Reactor  
  25  2:29  SCV  
  25  2:41  SCV  
  26  2:45  Command Center  
  26  2:49  Orbital Command  
  26  2:53  SCV  
  27  3:00  Starport  
  27  3:06  SCV  
  27  3:08  Hellion  
  30  3:13  Hellion  
  30  3:14  Marine  
  30  3:17  SCV  
  34  3:20  SCV  
  35  3:29  SCV  
  35  3:31  Hellion  
  38  3:34  Supply Depot, Hellion  
  38  3:36  SCV  
  41  3:41  SCV  
  41  3:42  Liberator  
  41  3:44  Barracks Tech Lab  
  41  3:48  SCV  
  46  3:55  SCV  
  46  3:57  Orbital Command  
  46  4:00  Hellion, SCV  
  46  4:02  Hellion  
  52  4:07  Supply Depot  
  52  4:10  Marine  
  52  4:13  SCV  
  53  4:18  SCV, Orbital Command  
  54  4:25  SCV  
  54  4:26  Hellion x2  
  54  4:29  Liberator  
  62  4:32  Supply Depot  
  62  4:36  SCV  
  62  4:37  SCV  
  64  4:47  Factory, SCV  
  64  4:48  SCV  
  64  4:50  Factory  
  64  4:51  Hellion x2  
  70  4:55  Supply Depot  
  70  4:56  SCV  
  70  4:59  Refinery  
  71  5:00  Refinery  
  71  5:02  SCV  
  71  5:03  SCV  
  73  5:10  SCV  
  73  5:12  Hellion x2  
  78  5:14  SCV, Barracks Tech Lab  
  78  5:16  SCV  
  80  5:22  Supply Depot, SCV  
  80  5:26  SCV  
  82  5:29  SCV  
  82  5:30  Supply Depot  
  82  5:35  SCV  
  84  5:36  Hellion x2  
  84  5:38  SCV  
  84  5:41  SCV  
  90  5:47  SCV  
  90  5:48  Armory  
  90  5:49  Armory  
  84  5:50  SCV  
  84  5:53  SCV  
  86  5:57  Cyclone  
  86  5:58  Hellion x2  
  86  5:59  SCV  
  86  6:02  SCV  
  95  6:05  SCV  
  95  6:09  Cyclone  
  95  6:11  SCV, Infernal Pre-Igniter  
  92  6:14  SCV  
  92  6:17  SCV  
  85  6:19  Hellion x2  
  85  6:23  SCV  
  88  6:27  SCV  
  88  6:29  SCV, Cyclone  
  88  6:32  Refinery  
  93  6:35  Supply Depot, SCV  
  93  6:36  Terran Vehicle Weapons Level 1, Terran Vehicle And Ship Armor Level 1  
  93  6:39  SCV  
  95  6:40  Widow Mine  
  95  6:41  Widow Mine, SCV, Cyclone  
  95  6:45  Supply Depot  
  103  6:47  SCV  
  103  6:51  SCV, Refinery  
  103  6:53  SCV  
  106  6:55  Factory  
  106  6:56  Starport Reactor  
  106  6:57  Factory, Supply Depot  
  106  6:59  SCV  
  107  7:02  Hellion x2  
  107  7:03  SCV  
  107  7:05  SCV, Command Center  
  113  7:09  Siege Tank  
  113  7:11  SCV  
  113  7:15  SCV  
  118  7:17  SCV, Siege Tank  
  122  7:23  Hellion x2, SCV  
  122  7:25  Supply Depot  
  122  7:26  Supply Depot x2  
  122  7:27  SCV  
  128  7:40  Supply Depot  
  128  7:41  Siege Tank, Factory Tech Lab  
  131  7:45  Hellion  
  131  7:47  Hellion  
  131  7:50  Siege Tank  
  131  7:51  Mag-Field Accelerator  
  138  7:54  Hellion x2  
  142  8:01  Supply Depot  
  142  8:02  Supply Depot, Engineering Bay  
  142  8:06  Hellion  
  142  8:08  Hellion  
  135  8:13  Siege Tank  
  135  8:14  SCV x2  
  135  8:16  Hellion x2  
  131  8:22  Hellion, Siege Tank  
  130  8:27  Hellion  
  130  8:30  Hellion  
  130  8:33  Factory x2, Terran Vehicle Weapons Level 2  
  134  8:37  Hellion x2  
  134  8:39  SCV x3  
  141  8:42  Medivac  
  141  8:43  Siege Tank, Terran Vehicle And Ship Armor Level 2  
  146  8:49  Hellion  
  146  8:51  Hellion, Refinery, Siege Tank  
  146  8:52  SCV  
  146  8:54  SCV  
  155  8:56  Refinery  
  155  8:59  SCV  
  155  9:01  Planetary Fortress  
  156  9:04  SCV  
  157  9:10  Hellion  
  157  9:11  Command Center  
  157  9:12  Hellion  
  157  9:13  Hellion  
  157  9:14  Siege Tank  
  166  9:18  Factory Tech Lab  
  166  9:19  Factory Tech Lab  
  166  9:26  Sensor Tower  
  166  9:27  Siege Tank, Sensor Tower  
  169  9:31  Hellion  
  169  9:33  Siege Tank  
  169  9:34  Hellion  
  176  9:40  Hellion x2, Cyclone  
  176  9:42  Cyclone  
  176  9:44  Supply Depot  
  182  10:01  Hellion x2  
  182  10:02  Hellion x2  
  182  10:03  Siege Tank x2  
  182  10:05  Command Center  
  182  10:06  Siege Tank  
  186  10:12  Siege Tank  
  186  10:13  Liberator  
  192  10:14  Hellion  
  194  10:22  Supply Depot  
  194  10:27  Hellion x3  
  200  10:47  Hellion  
  200  10:48  Hellion, Siege Tank  
  157  10:50  Hellion x2, Cyclone x2  
  157  10:53  Terran Vehicle Weapons Level 3  
  140  10:59  Hellion  
  140  11:00  Hellion  
  136  11:06  Planetary Fortress  
  136  11:09  Hellion, Siege Tank  
  141  11:12  Hellion x2  
  145  11:18  Orbital Command  
  145  11:20  Siege Tank  
  145  11:21  Hellion, Cyclone  
  145  11:22  Cyclone  
  145  11:23  Cyclone  
  145  11:24  Terran Vehicle And Ship Armor Level 3  
  159  11:30  Hellion  
  153  11:33  Hellion x2  
  153  11:34  SCV x2  
  153  11:37  Refinery  
  153  11:39  Supply Depot  
  159  11:40  Refinery, Sensor Tower  
  159  11:41  Siege Tank  
  159  11:42  Hellion, Drilling Claws  
  164  11:52  Widow Mine  
  164  11:53  Siege Tank  
  169  11:54  Widow Mine  
  169  11:55  Widow Mine  
  167  12:03  Orbital Command  
  167  12:04  Widow Mine  
  167  12:07  Sensor Tower  
  166  12:09  Command Center  
  166  12:11  Hellion, Siege Tank x2  
  166  12:13  Hellion x2  
  166  12:14  SCV x2  
  176  12:16  Hellion x2, SCV  
  181  12:24  Medivac  
  181  12:25  Hellion, Hellbat  
  187  12:31  SCV x3  
  187  12:32  SCV  
  187  12:33  Hellion  
  187  12:34  Hellion, Siege Tank  
  198  12:38  Sensor Tower  
  198  12:43  Siege Tank x2  
  198  12:45  Hellion  
  188  12:58  Hellion, Siege Tank x2  
  183  13:04  Sensor Tower  
  181  13:05  Starport Reactor  
  181  13:06  Cyclone  
  181  13:09  Hellion  
  181  13:10  Hellion  
  188  13:15  Siege Tank, Cyclone  
  188  13:17  Supply Depot  
  194  13:24  Hellion  
  196  13:29  Hellion  
  194  13:36  Siege Tank  
  194  13:38  Siege Tank  
  200  13:41  Hellion x2  
  200  13:50  Smart Servos  
  198  14:01  Hellion x2  
  184  14:03  Cyclone x2  
  184  14:04  Cyclone  
  184  14:05  Hellion  
  184  14:08  Cyclone  
  184  14:09  Hellion, Viking  
  175  14:10  Viking, Cyclone  
  170  14:23  Hellion x2  
  161  14:26  Hellion  
  161  14:30  Hellion  
  158  14:35  Cyclone x2  
  158  14:37  Siege Tank  
  158  14:41  Siege Tank, Viking x2  
  158  14:43  Hellion  
  158  14:44  Hellion  
  171  14:45  Hellion  
  171  15:03  Planetary Fortress  
  171  15:04  Cyclone  
  169  15:07  Siege Tank, Cyclone  
  169  15:09  Siege Tank  
  169  15:13  Hellion x4, Siege Tank  
  185  15:18  Viking x2  
  185  15:19  Terran Ship Weapons Level 1  
  189  15:21  Missile Turret  
  189  15:34  Hellion x2  
  193  15:36  Siege Tank, Command Center  
  193  15:39  Siege Tank  
  198  15:54  Hellion, Viking x2  
  198  15:55  Siege Tank  
  198  15:56  Hellion  
  172  15:59  Hellion, Cyclone  
  172  16:04  Hellion, Siege Tank  
  155  16:08  Hellion  
  144  16:11  Hellion  
  144  16:15  Hellion  
  144  16:17  Hellion  
  141  16:21  Hellion  
  139  16:26  Hellion  
  139  16:28  Siege Tank  
  139  16:30  Siege Tank  
  139  16:31  Siege Tank  
  139  16:32  Cyclone, Orbital Command  
  147  16:36  Hellion x2  
  147  16:38  Hellion, Orbital Command  
  151  16:42  Hellion  
  139  16:53  Hellion  
  136  16:56  Orbital Command  
  136  16:57  Siege Tank  
  136  16:58  Hellion  
  136  17:00  Cyclone  
  144  17:02  Cyclone  
  144  17:03  Siege Tank  
  147  17:08  Orbital Command  
  147  17:17  Siege Tank  
  147  17:18  Hellion  
  152  17:28  Hellion  
  152  17:29  Siege Tank  
  157  17:35  Siege Tank  
  158  17:38  Hellion  
  160  17:45  Siege Tank  
  160  17:50  Hellion  
  163  17:56  Hellion  
  163  17:57  Hellion  
  159  18:11  Hellion, Cyclone  
  153  18:13  Hellion  
  153  18:14  Cyclone x2  
  153  18:18  Cyclone  
  153  18:19  Cyclone  
  138  18:30  Medivac x2  
  142  18:43  Cyclone  
  142  18:46  Cyclone x2  
  142  18:48  SCV x3  
  148  18:50  Cyclone  
  148  18:52  Cyclone  
  151  18:59  Medivac  
  150  19:09  SCV  
  151  19:14  Hellion  
  151  19:15  Cyclone  
  152  19:18  Hellion, Cyclone x2  
  152  19:22  Hellion, Cyclone  
  152  19:24  Cyclone  
  149  19:38  Hellion  
  143  19:39  Hellion  
  143  19:45  SCV x2  
  147  19:48  Supply Depot  
  147  20:05  Liberator  
  147  20:06  Cyclone x2  
  138  20:08  Cyclone  
  138  20:10  Cyclone x2  
  138  20:11  Hellion x2  
  138  20:13  Hellion  
  145  20:17  Widow Mine  
  146  20:24  Orbital Command  
  145  20:30  Orbital Command  
  145  20:32  Hellion  
  145  20:34  Hellion  
  147  20:36  Hellion  
  147  20:46  Sensor Tower  
  147  20:48  Supply Depot  
  147  20:49  Supply Depot  
  147  21:16  Cyclone  
  147  21:28  Cyclone  
  147  21:29  Cyclone  
  147  21:30  Liberator x2, Cyclone  
  147  21:31  Cyclone  
  137  21:44  Hellion  
  109  21:48  Cyclone  
  109  21:49  Hellion  
  109  21:52  Hellion  
  105  21:56  Hellion  
  105  22:00  Cyclone  
  101  22:01  Siege Tank  
  101  22:02  Cyclone  
  101  22:08  Hellion  
  88  22:25  Hellion  
  88  22:29  Hellion  

Tags
 
Add a new tag
Caveats
  • Supply blocks, unpowered buildings, or Contaminate may cause inaccurate times.
  • Supply counts are checked every 10 seconds.